 Dungeon Crawl Stone Soup version 0.16-a0-4083-g5af668b (console) character file.

119 mauris the Cudgeler (level 4, 5/32 HPs)
             Began as a Demonspawn Wanderer on Feb 22, 2015.
             Quit the game on level 4 of the Dungeon.
             The game lasted 00:14:42 (2722 turns).

mauris the Cudgeler (Demonspawn Wanderer)           Turns: 2722, Time: 00:14:42

Health: 5/32       AC:  8    Str: 16    XL:     4   Next: 74%
Magic:  7/7        EV: 11    Int: 19    God:
Gold:   136        SH:  0    Dex: 12    Spells: 2 memorised, 5 levels left

rFire  . . .     SeeInvis .     p - +5 whip
rCold  + . .     Clarity  .     d - +0 robe
rNeg   + . .     SustAb   .     (no shield)
rPois  .         Gourm    .     (no helmet)
rElec  .         Spirit   .     (no cloak)
rCorr  .         Warding  .     x - +2 pair of gloves {Str+3}
rMut   .         Stasis   .     v - +0 pair of boots
MR     .....                    (no amulet)
Stlth  +.........               t - ring of positive energy
                                j - +5 ring of intelligence

@: lethally poisoned (5 -> -6), not resistant to hostile enchantments, very
unstealthy
A: talons 1, yellow scales 1, cold resistance 1
a: no special abilities


You were on level 4 of the Dungeon.
You were not hungry.

You visited 1 branch of the dungeon, and saw 4 of its levels.

You collected 136 gold pieces.

Inventory:

Hand weapons
 p - a +5 whip (weapon)
Missiles
 g - 29 stones (quivered)
 m - 15 poisoned needles
Armour
 d - a +0 robe (worn)
 v - a +0 pair of boots (worn)
 x - a +2 pair of gloves of strength (worn)
Jewellery
 j - a +5 ring of intelligence (left hand)
 t - a ring of positive energy (right hand)
Magical devices
 e - a wand of digging (7)
Scrolls
 i - a scroll of remove curse
 k - a scroll of amnesia
 r - a scroll of enchant weapon
 w - a scroll of identify {@r1}
Potions
 o - a potion of poison {unknown}
 q - a potion of heal wounds {unknown}
Books
 b - Khufu's Disquisition on Darkness

   Spells                             Type                      Level
   a - Animate Skeleton               Necromancy                   1
   b - Vampiric Draining              Necromancy                   3
 c - the Reference Book on Ignition

   Spells                             Type                      Level
   a - Flame Tongue                   Conjuration/Fire             1
   b - Inner Flame                    Hexes/Fire                   3
 s - a book of Fire

   Spells                             Type                      Level
   a - Ignite Poison                  Fire/Transmutation           5
   b - Fireball                       Conjuration/Fire             5
   c - Bolt of Fire                   Conjuration/Fire             6
   d - Delayed Fireball               Conjuration/Fire             7
   e - Ring of Flames                 Charms/Fire                  7
Miscellaneous
 a - a box of beasts {used: 1}
Comestibles
 f - 3 bread rations
 u - 2 beef jerkies


   Skills:
 - Level 1.0 Fighting
   Level 0.5 Short Blades
 + Level 3.9 Maces & Flails
 - Level 1.0 Throwing
 - Level 1.7 Armour
 - Level 2.0 Spellcasting
 - Level 2.0 Conjurations
 - Level 1.0 Fire Magic
 - Level 1.0 Evocations


You had 5 spell levels left.
You knew the following spells:

 Your Spells              Type           Power        Failure   Level  Hunger
a - Flame Tongue          Conj/Fire      #....        10%         1    #......
b - Animate Skeleton      Necr           N/A          17%         1    #......


Dungeon Overview and Level Annotations

Branches:
Dungeon (4/15)
 Temple: D:4-7

Altars:
Dithmenos
Sif Muna

Annotations:
D:3 Grinder; Yermak's ghost, weakling DgAs
D:4 Blork the orc


Innate Abilities, Weirdness & Mutations

You have sharp toenails.
You are partially covered in yellow scales (AC +2).
Your flesh is cold resistant.


Message History

Damage: -12%(-4hp) hp: 57%(18hp)
You closely miss the scorpion.
The scorpion is almost dead.
You feel sick.
The quokka bites you but does no damage.
The scorpion stings you.
Damage: -10%(-3hp) hp: 47%(15hp)
You barely miss the scorpion.
The scorpion is almost dead.
You feel sick.
The quokka bites you but does no damage.
The scorpion closely misses you.
Unknown command.
You barely miss the scorpion.
The scorpion is almost dead.
You feel sick. The quokka bites you. The scorpion stings you.
* * * LOW HITPOINT WARNING * * *
Huge Dmg: -31%(-10hp) hp: 16%(5hp)
Enter note: god holy shit Are you sure you want to abandon this character and quit the game? (Confirm with "yes".)

#. #.......#
#.##<.....#
##.......###
#....b####
.....###o..#
### ###a#
##b## ##sa.#
#@##.# #r##
... #.#
#...# #..
..## ).. #.#
#... .# .#


You could see a scorpion, 2 worker ants, a quokka and a bat.

Vanquished Creatures
  An adder (D:3)
  A worm (D:3)
  A giant gecko (D:3)
  7 bats
  9 hobgoblins
  2 jackals
  A quokka (D:3)
  3 giant cockroaches
  2 giant newts
  5 goblins
  9 kobolds
  4 rats
45 creatures vanquished.

Vanquished Creatures (collateral kills)
  Sigmund (D:2)
  A giant mite (D:2)
2 creatures vanquished.

Vanquished Creatures (others)
  A rat skeleton (D:3)
1 creature vanquished.

Grand Total: 48 creatures vanquished

Notes
Turn   | Place    | Note
--------------------------------------------------------------
     0 | D:1      | mauris, the Demonspawn Wanderer, began the quest for the Orb.
     0 | D:1      | mauris set off with: a box of beasts, Khufu's Disquisition on Darkness, the Reference Book on Ignition, a +0 robe, a +0 dagger, a bread ration
     0 | D:1      | Reached XP level 1. HP: 15/15 MP: 3/3
     0 | D:1      | Identified Khufu's Disquisition on Darkness
     0 | D:1      | Identified the Reference Book on Ignition
     2 | D:1      | Learned a level 1 spell: Flame Tongue
   199 | D:1      | Reached skill level 1 in Conjurations
   284 | D:1      | Learned a level 1 spell: Animate Skeleton
   515 | D:1      | Gained mutation: You are partially covered in yellow scales (AC +2). [demonic ancestry]
   515 | D:1      | Reached XP level 2. HP: 21/21 MP: 2/4
   980 | D:2      | Found a shadowy altar of Dithmenos.
  1231 | D:2      | Found a deep blue altar of Sif Muna.
  1252 | D:2      | Noticed Sigmund
  1412 | D:2      | Gained mutation: Your flesh is cold resistant. [demonic ancestry]
  1412 | D:2      | Reached XP level 3. HP: 26/26 MP: 6/6
  1609 | D:2      | Huge Dmg: 6 Dmg
  1614 | D:2      | Killed Sigmund
  1614 | D:2      | Reached skill level 3 in Maces & Flails
  1614 | D:2      | Gained mutation: You have sharp toenails. [demonic ancestry]
  1614 | D:2      | Reached XP level 4. HP: 18/32 MP: 7/7
  1932 | D:3      | Noticed Yermak's ghost (weakling DgAs)
  2050 | D:3      | Huge Dmg: 10 Dmg
  2180 | D:3      | Huge Dmg: 4 Dmg
  2286 | D:3      | Noticed Grinder
  2294 | D:3      | Paralysed by Grinder for 5 turns
  2299 | D:3      | Huge Dmg: 4 Dmg
  2533 | D:3      | rip
  2686 | D:4      | Noticed Blork the orc
  2691 | D:4      | Huge Dmg: 7 Dmg
  2697 | D:4      | yes
  2717 | D:4      | Huge Dmg: 5 Dmg
  2722 | D:4      | Huge Dmg: 10 Dmg
  2722 | D:4      | god holy shit
  2722 | D:4      | Quit the game

Action                   |  1- 3 |  4- 6 || total
-------------------------+-------+-------++-------
Melee: Dagger            |    13 |       ||    13
       Whip              |    28 |    84 ||   112
Throw: Stone             |     2 |       ||     2
 Cast: Flame Tongue      |    22 |       ||    22
       Animate Skeleton  |       |     1 ||     1
Evoke: Box of beasts     |     1 |       ||     1
       Wand              |       |     1 ||     1
  Use: Scroll            |     7 |     1 ||     8
       Potion            |       |     3 ||     3
 Stab: Sleeping          |     1 |       ||     1
  Eat: Chunk             |     2 |     4 ||     6

Vault maps used:
D:1:      dpeg_arrival_tiny_a, bh_walls_and_bars
D:2:      overflow_temple_1_default, nicolae_dithmenos_shadow_blocks,
          uniq_sigmund
D:3:      gup_sewer_entry_pipe, first_bread, uniq_grinder
D:4:      uniq_edmund, uniq_blork_the_orc
